 Dungeon Crawl Stone Soup version 0.31.0-9-g3a7656b989 (webtiles) character file.

Game seed: 12976374073831302172

2618 Jannitor the Cutter (level 9, 0/56 HPs)
             Began as a Kobold Cinder Acolyte on Feb 4, 2024.
             Was a Plaything of Xom.
             Slain by a water moccasin (7 damage)
             ... while paralysed by a hornet
             ... on level 9 of the Dungeon.
             The game lasted 00:10:49 (8223 turns).

Jannitor the Cutter (Kobold Cinder Acolyte)         Turns: 8223, Time: 00:10:50

Health: 0/56       AC: 13    Str: 11    XL:     9   Next: 91%
Magic:  14/16      EV:  3    Int: 16    God:    Xom [...*..]
Gold:   242        SH:  0    Dex: 14    Spells: 15/17 levels left

rFire   . . .        K - +0 short sword (flame)
rCold   . . .        (no shield)
rNeg    . . .        E - +1 steam dragon scales
rPois   .            (no helmet)
rElec   .            u - +2 cloak
rCorr   .            (no gloves)
SInv    .            (no boots)
Will    +....        (no amulet)
Stlth   ++++         p - +4 ring of protection
HPRegen 0.29/turn    y - ring of willpower
MPRegen 0.15/turn

%: no passive effects
@: paralysed, fire susceptible
A: small, no large weapons, nightstalker 3
a: Renounce Religion


You were on level 9 of the Dungeon.
You worshipped Xom.
You were a favourite toy of Xom.
You visited 1 branch of the dungeon, and saw 9 of its levels.

You collected 322 gold pieces.
You spent 80 gold pieces at shops.

Inventory:

Hand Weapons
 w - a +1 short sword of distortion
 K - a +0 short sword of flaming (weapon)
Missiles
 k - 6 poisoned darts (quivered)
 I - 3 throwing nets
Armour
 u - a +2 cloak (worn)
 B - the +1 ring mail of Honour {Will+ rCorr}
   (You found it on level 5 of the Dungeon)

   Will+:     It increases your willpower.
   rCorr:     It protects you from acid and corrosion.
 E - +1 steam dragon scales (worn)
Jewellery
 p - a +4 ring of protection (left hand)
 y - a ring of willpower (right hand)
Wands
 b - a wand of polymorph (6)
 D - a wand of digging (15)
 F - a wand of flame (54)
Scrolls
 c - a scroll of silence {unknown}
 e - 2 scrolls of identify {unknown}
 f - a scroll of fear
 g - a scroll of brand weapon {unknown}
 h - a scroll of torment {unknown}
 i - 2 scrolls of immolation
 j - a scroll of teleportation
 n - 2 scrolls of enchant armour
 o - a scroll of enchant weapon {unknown}
 q - a scroll of noise {unknown}
 t - a scroll of fog
 v - a scroll of poison
 H - a scroll of blinking {unknown}
Potions
 d - 3 potions of lignification
 l - a potion of heal wounds
 m - 2 potions of curing
 r - a potion of magic {unknown}
 s - a potion of brilliance {unknown}
 x - a potion of mutation {unknown}
 z - a potion of degeneration {unknown}
 A - a potion of invisibility {unknown}
 C - a potion of haste {unknown}
 G - 2 potions of attraction {unknown}
 J - a potion of berserk rage {unknown}


   Skills:
 + Level 6.4 Fighting
 + Level 7.8 Short Blades
 + Level 3.0 Armour
 + Level 5.5 Dodging
 + Level 6.8 Stealth
 + Level 4.9 Spellcasting
 + Level 5.7 Fire Magic


You had 15 spell levels left.
You knew the following spells:

 Your Spells              Type           Power      Damage    Failure   Level
a - Scorch                Fire           44%        2d6       2%          2

Your spell library contained the following spells:

 Spells                   Type           Power      Damage    Failure   Level
 Call Imp                 Summ           6%         N/A       24%         2
 Sublimation of Blood     Necr           3%         N/A       24%         2
 Summon Hydra             Summ           1%         N/A       100%        7


Dungeon Overview and Level Annotations

Branches:
Dungeon (8/15)             Temple (0/1) D:7
   Lair: D:8-11

Altars:
Cheibriados
Dithmenos
Elyvilon
Gozag
Hepliaklqana
Makhleb
Nemelex Xobeh
Sif Muna
Trog
Uskayaw
Vehumet
Xom

Shops:
D:1 !   D:6 :   D:7 (=


Innate Abilities, Weirdness & Mutations

You are small and have problems with some larger weapons.
You are completely attuned to the shadows.


Message History

The hornet is lightly wounded.
The water moccasin bites you but does no damage.
The hornet is engulfed in excruciating misery.
The hornet stings you but does no damage.
The orc is engulfed in excruciating misery.
The orc closely misses you. The orc warrior barely misses you.
The water moccasin bites you but does no damage.
You hit the hornet but do no damage.
The hornet is moderately wounded.
The hornet is engulfed in excruciating misery.
The hornet misses you. The water moccasin closely misses you.
The hornet is engulfed in excruciating misery.
The hornet barely misses you. The orc misses you.
Unknown command.
You feel yourself speed up. The orc attacks as it pursues you!
The orc hits you with a +0 mace. The water moccasin barely misses you.
The hornet is engulfed in excruciating misery.
The water moccasin closely misses you.
The orc warrior hits you but does no damage.
The orc attacks as it pursues you! The orc hits you but does no damage.
You barely miss the hornet.
The hornet is severely wounded.
The water moccasin closely misses you.
The hornet is engulfed in excruciating misery.
The hornet stings you!
You feel yourself slow down.
The orc is engulfed in excruciating misery.
The orc warrior hits you from afar with a +0 trident!
Casting: Scorch (safe; 2% risk of failure)
Confirm with . or Enter, or press ? or * to list all spells.
Flames lash the hornet.
The hornet is almost dead.
The hornet's fire resistance burns away.
You feel yourself speed up.
The hornet is engulfed in excruciating misery.
The hornet stings you!
* * * LOW HITPOINT WARNING * * *
You suddenly lose the ability to move!
The water moccasin bites you!
You die...
Xom chortles!

#........
#..(.....#
.........#
.........+
.........#
...oo....#
...Syo...#
....@....#
.........#
.#####...#
#...#
#...#
#...#
#...#
#...#
#....#
#...#


You could see a hornet (combustible), an orc warrior, a water moccasin and 2
orcs.

Vanquished Creatures
  3 steam dragons
  2 ice beasts
  3 black bears
  A wolf (D:7)
  A centaur (D:7)
  2 bullfrogs
  2 scorpions
  A gnoll sergeant (D:7)
  5 bombardier beetles
  8 hounds
  3 gnoll boudas
  2 orc priests
  Crazy Yiuf (D:3)
  3 jellies
  3 sleepcaps
  2 iguanas
  4 orc wizards
  20 gnolls
  6 adders
  2 white imps (D:6)
  4 ufetubi (D:6)
  16 orcs
  4 ball pythons
  4 endoplasms
  2 giant cockroaches
  4 goblins
  11 hobgoblins
  2 jackals (D:3)
  4 quokkas
  5 bats
  5 frilled lizards
  8 kobolds
  7 rats
150 creatures vanquished.

Vanquished Creatures (collateral kills)
  A bullfrog (D:8)
  2 gnolls (D:8)
3 creatures vanquished.

Grand Total: 153 creatures vanquished

Notes
Turn   | Place    | Note
-------+----------+-------------------------------------------
     0 | D:1      | Jannitor the Kobold Cinder Acolyte began the quest for the
                  | Orb.
     0 | D:1      | Reached XP level 1. HP: 14/14 MP: 2/2
   253 | D:1      | Reached XP level 2. HP: 19/19 MP: 4/4
   287 | D:1      | Found Dainyan's Distillery.
   291 | D:1      | Learned a level 2 spell: Scorch
   570 | D:1      | Reached skill level 1 in Stealth
   960 | D:2      | Reached XP level 3. HP: 23/23 MP: 5/5
  1094 | D:2      | Reached skill level 1 in Dodging
  1116 | D:2      | Found a faded altar of an unknown god.
  1319 | D:2      | Reached XP level 4. HP: 28/28 MP: 3/6
  1703 | D:1      | Bought a potion of heal wounds for 50 gold pieces
  1703 | D:1      | Bought a potion of curing for 30 gold pieces
  1877 | D:3      | Reached XP level 5. HP: 33/33 MP: 8/8
  2147 | D:3      | Found a sparkling altar of Nemelex Xobeh.
  2266 | D:3      | Found a radiant altar of Vehumet.
  2330 | D:3      | Found a snail-covered altar of Cheibriados.
  2656 | D:3      | Found a runed translucent door.
  2659 | D:3      | Noticed Crazy Yiuf
  2664 | D:3      | Killed Crazy Yiuf
  2858 | D:4      | Found a shimmering blue altar of Sif Muna.
  3142 | D:4      | Reached skill level 5 in Short Blades
  3142 | D:4      | Reached XP level 6. HP: 30/38 MP: 1/9
  3838 | D:4      | Found a shimmering altar of Xom.
  3913 | D:5      | Entered Level 5 of the Dungeon
  3933 | D:5      | Reached XP level 7. HP: 44/44 MP: 11/11
  4132 | D:5      | Identified the +1 ring mail of Honour {Will+ rCorr}
  4564 | D:5      | Found an opulent altar of Gozag.
  4812 | D:5      | Noticed a steam dragon
  4814 | D:5      | Noticed a steam dragon
  4817 | D:5      | Killed a steam dragon
  4818 | D:5      | Reached skill level 6 in Short Blades
  4818 | D:5      | Reached skill level 1 in Armour
  4818 | D:5      | Reached XP level 8. HP: 48/48 MP: 9/13
  4842 | D:5      | Reached skill level 5 in Fighting
  5012 | D:6      | Found a bloodstained altar of Trog.
  5031 | D:5      | Reached skill level 5 in Stealth
  5417 | D:5      | HP: 1/49 [sleepcap (16)]
  5897 | D:6      | Found a white marble altar of Elyvilon.
  6012 | D:6      | Found Heorir's Self-Published Books.
  6032 | D:6      | Reached XP level 9. HP: 48/54 MP: 12/15
  6035 | D:6      | Reached skill level 5 in Fire Magic
  6252 | D:6      | Reached skill level 7 in Short Blades
  6631 | D:7      | Reached skill level 5 in Dodging
  6780 | D:7      | Found Xelotaiss's Antique Weapon Shop.
  7154 | D:7      | Found a staircase to the Ecumenical Temple.
  7231 | D:7      | Noticed a +0 short sword
  7231 | D:7      | Noticed a +0 short sword
  7232 | D:7      | Noticed a +0 dagger
  7232 | D:7      | Noticed a +0 dagger
  7232 | D:7      | Noticed a +0 spear
  7233 | D:7      | Noticed a +0 falchion
  7238 | D:7      | Noticed a +0 spear
  7243 | D:7      | Found Vemehul's Jewellery Shop.
  7270 | D:7      | Found a hide-covered altar of Uskayaw.
  7275 | D:7      | Noticed a +0 falchion
  7589 | D:7      | Found a hazy altar of Hepliaklqana.
  7703 | D:7      | Found a burning altar of Makhleb.
  7703 | D:7      | Found a shadowy altar of Dithmenos.
  7888 | D:4      | Fell from the grace of Ignis
  7888 | D:4      | Became a worshipper of Xom of Malicious Giggling
  8018 | D:8      | XOM: silly message
  8021 | D:8      | XOM: potion effect (brilliance)
  8022 | D:8      | XOM: silly message
  8040 | D:8      | XOM: summons friendly ufetubus
  8074 | D:8      | XOM: noise
  8080 | D:8      | You fall into a shaft and drop 1 floor!
  8129 | D:9      | XOM: god gift: 4 stones
  8174 | D:9      | XOM: cloud trail
  8210 | D:9      | Noticed a hornet
  8223 | D:9      | Paralysed by a hornet for 2 turns
  8223 | D:9      | Slain by a water moccasin

Illustrated notes

Levels and vault maps discovered:
D:1:      dpeg_arrival_more_subterranean_lakeside_camping, layout_basic,
          serial_shops, nicolae_diamond_shop, hangedman_decor_lopped,
          chequers_serial_rivers_small_a
D:2:      layout_basic, hellmonk_ecumenical_altar_blasted
D:3:      layout_loops_ring, nemelex_dance_club_becter,
          mainiacjoe_overflow_large_starburst, dreamdust_princess_corridor,
          uniq_crazy_yiuf_cottage
D:4:      layout_basic, nicolae_sif_muna_condensation,
          mainiacjoe_overflow_concentric_impassable, minmay_hedge_maze
D:5:      kennysheep_steamy, layout_basic, grunt_gozag_breadcrumbs
D:6:      layout_rooms, nicolae_elyvilon_peaceful_grove, trog_ov_bears_minmay,
          chequers_arboretum, nicolae_custom_books
D:7:      layout_cave_pools, nicolae_hepliaklqana_hippocampus,
          nicolae_overflow_two_pavilions, nicolae_uskayaw_en_pointe,
          minmay_temple_entry_arrows, serial_gnoll_camp, gnoll_camp_mini_hut,
          gnoll_camp_mini_house, gnoll_camp_mini_basic, gnoll_camp_mini_shop,
          gnoll_camp_mini_shop, columned_hall_lemuel, minivault_27
D:8:      minmay_four_partial_circles, layout_basic, lemuel_crystal_altar,
          serial_shops, shop
D:9:      layout_irregular_city, mainiacjoe_overflow_small_starburst,
          orc_0_dummy

Skill      XL: |  1  2  3  4  5  6  7  8  9 |
---------------+----------------------------+-----
Stealth        | 1 2 3 4 5 6 |  6.8
Dodging        | 1 2 3 4 5 |  5.5
Spellcasting   | 2 3 4 |  4.9
Fighting       | 4 5 6 |  6.4
Short Blades   | 5 6 7 |  7.8
Fire Magic     | 4 5 |  5.7
Armour         | 1 2 3 |  3.0

Action                     |  1- 3 |  4- 6 |  7- 9 || total
---------------------------+-------+-------+-------++-------
  Melee: Short sword       |    75 |   113 |   270 ||   458
         Punch             |       |     1 |     4 ||     5
  Throw: Dart              |       |       |     3 ||     3
   Cast: Scorch            |     1 |    35 |   117 ||   153
    Use: Potion            |       |       |     2 ||     2
         Scroll            |       |       |     6 ||     6
   Stab: Sleeping          |    18 |     9 |    18 ||    45
 Armour: Robe              |    21 |    53 |     3 ||    77
         Ring mail         |       |       |    30 ||    30
         Steam dragon scal |       |       |   161 ||   161
         Skin              |       |       |    24 ||    24
  Dodge: Dodged            |    42 |    89 |   255 ||   386
